 Dungeon Crawl Stone Soup version 0.30-a0-305-g026cb31310 (webtiles) character file.

Game seed: 7263258598565105430

119 MrRokkomies the Cudgeller (level 4, 0/58 HPs)
             Began as an Armataur Gladiator on Oct 23, 2022.
             Slain by a gnoll
             ... wielding a +0 halberd
              (8 damage)
             ... on level 3 of the Dungeon.
             The game lasted 00:05:11 (2088 turns).

MrRokkomies the Cudgeller (Armataur Gladiator)      Turns: 2088, Time: 00:05:11

Health: 0/58       AC: 22    Str: 16 (20) XL:     4   Next: 73%
Magic:  4/4        EV:  1    Int:  4 (8)  God:
Gold:   177        SH:  0    Dex: 11 (13) Spells: 3/3 levels left

rFire   . . .      SeeInvis .    u - +3 quarterstaff (chaos)
rCold   . . .      Faith    .    (shield currently unavailable)
rNeg    . . .      Spirit   .    (body armour currently unavailable)
rPois   +          Reflect  .    (helmet currently unavailable)
rElec   .          Harm     .    (cloak currently unavailable)
rCorr   .          Roll     +    (gloves currently unavailable)
Will    .....      NoTele   +    (no barding)
Stlth   +.........               p - amulet of the acrobat
HPRegen 0.29/turn                (no ring)
MPRegen 0.09/turn                (no ring)

@: tree-form, attractive, hasted, very quick
A: stationary, stasis, torment immunity, boosted hp, large, rugged brown scales
3, (deformed body), (armoured tail), roll, long tongue, awkward tongue
a: no special abilities


You were on level 3 of the Dungeon.
You were a tree.
You visited 1 branch of the dungeon, and saw 3 of its levels.

You collected 177 gold pieces.

Inventory:

Hand Weapons
 a - a +0 flail
 u - a +3 quarterstaff of chaos (weapon)
Missiles
 d - 3 throwing nets (quivered)
 e - a javelin
 s - 8 poisoned darts
Armour
 c - a +0 helmet (melded)
 v - a +0 cloak (melded)
 w - a +0 plate armour (melded)
Jewellery
 p - an amulet of the acrobat (around neck)
Scrolls
 b - a scroll of fog {unknown}
 f - 2 scrolls of magic mapping {unknown}
 g - 3 scrolls of vulnerability {unknown}
 h - a scroll of noise {unknown}
 j - a scroll of enchant armour {unknown}
 k - 2 scrolls of teleportation {unknown}
 r - a scroll of enchant weapon {unknown}
 t - a scroll of immolation {unknown}
Potions
 i - 2 potions of degeneration
 l - a potion of attraction
 m - a potion of magic
 n - a potion of lignification
 q - a potion of heal wounds {unknown}


   Skills:
 * Level 2.9 Fighting
 * Level 3.6 Maces & Flails
 - Level 1.7 Throwing
 + Level 1.9 Armour
 + Level 2.6 Dodging


You had 3 spell levels left.
You didn't know any spells.
Your spell library contained the following spells:

 Spells                   Type           Power      Damage    Failure   Level
 Summon Small Mammal      Summ           0%         N/A       50%         1
 Call Canine Familiar     Summ           0%         N/A       86%         3
 Summon Guardian Golem    Hex/Summ       0%         N/A       86%         3


Dungeon Overview and Level Annotations

Branches:
Dungeon (3/15)

Altars:


Innate Abilities, Weirdness & Mutations

You are a tree.
Your roots penetrate the ground, keeping you stationary.
You cannot be teleported.
You are immune to unholy pain and torment.
Your maximum health is greatly increased.
Your equipment is partially melded.
(You are completely covered in rugged brown scales. (AC +3, +7% HP))
((Armour fits poorly on your strangely shaped body.))
((You have a long armoured tail.))
You roll when moving toward enemies. (Rampage)
Your long tongue fully drains potion bottles. (2x potion effects)
Your tongue gives you trouble enunciating. (1.5x scroll delay)


Message History

The gnoll is severely wounded.
The gnoll hits you but does no damage.
You barely miss the gnoll.
The gnoll hits you from afar with a +0 halberd.
You closely miss the gnoll. The gnoll hits you with a +0 whip.
The gnoll hits you but does no damage.
You slurp down every last drop of the 3 metallic sapphire potions!
It was a potion of degeneration.
There was something very wrong with that liquid.
You feel weakened.
You feel dopey.
You feel clumsy. The gnoll hits you with a +0 whip.
* * * LOW HITPOINT WARNING * * *
The gnoll hits you but does no damage.
You slurp down every last drop of the 2 bubbling pink potions!
It was a potion of attraction.
You feel attractive to monsters. The gnoll hits you but does no damage.
The gnoll hits you from afar with a +0 halberd.
* * * LOW HITPOINT WARNING * * *
You slurp down every last drop of the 2 amethyst potions!
It was a potion of magic.
Magic courses through your body.
The gnoll hits you but does no damage. x2
You slurp down every last drop of the 2 fuming pink potions!
It was a potion of lignification.
You turn into a tree.
Your +0 cloak melds into your body.
Your +0 helmet melds into your body.
Your +0 plate armour melds into your body.
Your roots penetrate the ground.
The gnoll hits you but does no damage. x2
You slurp down every last drop of the coppery potion!
It was a potion of haste.
You feel yourself speed up.
The gnoll hits you but does no damage. x2
You thump the gnoll! You freeze the gnoll.
The gnoll is severely wounded.
The gnoll hits you but does no damage.
The gnoll hits you from afar with a +0 halberd!
* * * LOW HITPOINT WARNING * * *
You hit the gnoll.
The gnoll is severely wounded.
The gnoll hits you but does no damage.
The gnoll hits you from afar with a +0 halberd!
You die...

########### ###+##
#.........# .....#
#.........# .....# ###
#.........# .....+
<.#####.....[...##g....##
#.....'.........7gg......
..[...#.........##...!.#.
......#.........# .....#
......#.........# .....#
####'########+#.# .....#
# #.# #.# ###### # #.#
#.# ####.# #.# .....# ..


You could see 3 gnolls.

Vanquished Creatures
  Crazy Yiuf (D:2)
  An iguana (D:3)
  2 adders (D:2)
  A gnoll (D:3)
  A worm (D:2)
  2 bats
  4 endoplasms
  2 giant cockroaches
  2 goblins (D:1)
  3 hobgoblins
  4 jackals (D:2)
  4 kobolds
  4 quokkas
  A ball python (D:2)
  2 frilled lizards (D:1)
  3 rats (D:2)
37 creatures vanquished.

Vanquished Creatures (others)
  A plant (D:2)
1 creature vanquished.

Grand Total: 38 creatures vanquished

Notes
Turn   | Place    | Note
-------+----------+-------------------------------------------
     0 | D:1      | MrRokkomies the Armataur Gladiator began the quest for the
                  | Orb.
     0 | D:1      | Reached XP level 1. HP: 18/18 MP: 1/1
   101 | D:1      | Reached XP level 2. HP: 13/25 MP: 2/2
   158 | D:1      | Found a faded altar of an unknown god.
   158 | D:1      | You fall into a shaft and drop 1 floor!
   216 | D:2      | Reached skill level 3 in Maces & Flails
   291 | D:1      | Reached skill level 1 in Armour
   611 | D:1      | Reached XP level 3. HP: 22/31 MP: 3/3
  1401 | D:2      | Found a runed translucent door.
  1402 | D:2      | Noticed Crazy Yiuf
  1525 | D:2      | Killed Crazy Yiuf
  1526 | D:2      | Reached XP level 4. HP: 39/39 MP: 4/4
  2088 | D:3      | Slain by a gnoll

Illustrated notes

Levels and vault maps discovered:
D:1:      doesnt_arrival_eight_statues, layout_basic,
          dreamdust_ecumenical_altar_hidden_monk_grotto
D:2:      layout_basic, serial_forest, infiniplex_forest_clump_tiny,
          infiniplex_forest_clump_double, infiniplex_forest_corner_1,
          infiniplex_forest_clump_double, infiniplex_forest_clump_diagonal,
          corexii_shack, uniq_crazy_yiuf_cottage
D:3:      layout_basic

Skill      XL: |  1  2 |
---------------+-------+-----
Fighting       | 2 |  2.9
Maces & Flails | 3 |  3.6
Armour         | 1 |  1.9
Throwing       | |  1.7
Dodging        | |  2.6

Action                   |  1- 3 |  4- 6 || total
-------------------------+-------+-------++-------
Melee: Flail             |    81 |       ||    81
       Tailslap          |     9 |     1 ||    10
       Quarterstaff      |       |    16 ||    16
Throw: Throwing net      |     1 |       ||     1
  Use: Potion            |       |     5 ||     5
 Stab: Held in net/web   |     1 |       ||     1
       Sleeping          |       |     1 ||     1
Armor: Leather armour    |    28 |     1 ||    29
       Plate armour      |       |    12 ||    12
       Skin              |       |     6 ||     6
Dodge: Dodged            |    47 |     5 ||    52

Table legend: (Time is in decaauts)
 A = Elapsed time spent in this place.
 B = Non-inter-level travel time spent in this place.
 C = Inter-level travel time spent in this place.
 D = Time resting spent in this place.
 E = Time spent auto-exploring this place.
 F = Levels seen in this place.
 G = Mean time per level.
                   A        B        C        D        E       F      G
               +--------+--------+--------+--------+--------+-----+--------+
         Total |   2111 |   2064 |     47 |      0 |   1729 |   3 |  703.7 |
       Dungeon |   2111 |   2064 |     47 |      0 |   1729 |   3 |  703.7 |
               +--------+--------+--------+--------+--------+-----+--------+

Top non-repeatable levels by time:
     D:2: 971 daAuts
     D:1: 618 daAuts
     D:3: 521 daAuts
